 Dungeon Crawl Stone Soup version 0.31.0-9-g3a7656b989 (webtiles) character file.

Game seed: 10471028838329798014

319 mainiacjoe the Purveyor of Pain (level 6, -4/28 HPs)
             Began as a Vine Stalker Necromancer on Jan 25, 2024.
             Was an Initiate of Kikubaaqudgha.
             Slain by an orc warrior
             ... wielding a +1 halberd of protection
              (18 damage)
             ... on level 4 of the Dungeon.
             The game lasted 00:14:56 (3515 turns).

mainiacjoe the Purveyor of Pain (VSNe)              Turns: 3515, Time: 00:14:57

Health: -4/28      AC:  3    Str: 10    XL:     6   Next: 46%
Magic:  0/19       EV: 13    Int: 17    God:    Kikubaaqudgha [......]
Gold:   166        SH:  0    Dex: 21    Spells: 1/9 levels left

rFire   . . .        n - +0 dagger (drain)
rCold   . . .        (no shield)
rNeg    . . .        p - +1 robe of Henotheism {Stlth+}
rPois   .            (no helmet)
rElec   .            (no cloak)
rCorr   .            (no gloves)
SInv    .            (no boots)
Will    .....        (no amulet)
Stlth   ++++         j - +6 ring of dexterity
HPRegen 1.04/turn    c - ring of magical power
MPRegen 0.16/turn

%: guardian spirit
@: no status effects
A: fangs 2, regeneration 1, magic shield, antimagic bite, no potion heal 2
a: Renounce Religion


You were on level 4 of the Dungeon.
You worshipped Kikubaaqudgha.
Kikubaaqudgha was noncommittal.
You visited 2 branches of the dungeon, and saw 5 of its levels.

You collected 166 gold pieces.

Inventory:

Hand Weapons
 a - a +0 long sword
 b - a +1 trident
 h - a +0 rapier
 m - a +0 war axe
 n - a +0 dagger of draining (weapon)
 o - a +2 mace of holy wrath
Missiles
 d - a boomerang
 e - 41 stones
Armour
 f - a +0 robe
 p - the +1 robe of Henotheism (worn) {Stlth+}
   (You found it on level 4 of the Dungeon)

   Stlth+:    It makes you more stealthy.
Jewellery
 c - a ring of magical power (right hand)
 j - a +6 ring of dexterity (left hand)
 r - a ring of poison resistance
Scrolls
 g - 2 scrolls of teleportation
 l - a scroll of fear
Potions
 i - a potion of magic
 k - 3 potions of curing
 q - a potion of brilliance


   Skills:
 + Level 3.0 Dodging
 + Level 4.7 Stealth
 - Level 2.1 Spellcasting
 * Level 6.0 Necromancy


You had one spell level left.
You knew the following spells:

 Your Spells              Type           Power      Damage    Failure   Level
a - Necrotise             Necr           88%        1d8       1%          1
b - Vampiric Draining     Necr           22%        2d7       4%          3
c - Animate Dead          Necr           22%        N/A       16%         4

Your spell library contained the following spells:

 Spells                   Type           Power      Damage    Failure   Level
 Curse of Agony           Necr           22%        N/A       41%         5
 Frozen Ramparts          Ice            2%         1d1       50%         3
 Leda's Liquefaction      Alch/Erth      0%         N/A       88%         4
 Passage of Golubria      Tloc           1%         N/A       88%         4
 Petrify                  Alch/Erth      1%         N/A       88%         4
 Metabolic Englaciation   Hex/Ice        0%         N/A       99%         5
 Silence                  Hex/Air        0%         N/A       99%         5
 Lehudib's Crystal Spear  Conj/Erth      0%         10d2      100%        8


Dungeon Overview and Level Annotations

Branches:
Dungeon (4/15)             Temple (1/1) D:4

Altars:
Ashenzari
Cheibriados
Dithmenos
Kikubaaqudgha
Makhleb
Okawaru
Ru
Sif Muna
Trog
Uskayaw
Wu Jian
Yredelemnul
Zin
The Shining One

Shops:
D:2 (   D:3 (

Annotations:
D:3 Ijyb


Innate Abilities, Weirdness & Mutations

You have extremely sharp teeth.
Your natural rate of healing is unusually fast.
When hurt, damage is shared between your health and your magic reserves.
Your bite disrupts and absorbs the magic of your enemies.
Potions cannot restore your health.


Message History

The dead are walking!
The orc warrior closely misses you.
The orc priest casts a cantrip, but nothing happens.
Your Dodging skill increases to level 3!
Your Necromancy skill increases to level 6!
You swap places.
Your orc priest skeleton hits the orc warrior but does no damage.
The orc warrior hits your orc priest skeleton with a +1 halberd of protection!!
Your orc priest skeleton is destroyed!
You hear a shout!
An orc comes into view. It is wielding a +0 whip.
Casting: Necrotise (safe; 1% risk of failure)
Confirm with . or Enter, or press ? or * to list all spells.
Aiming: Necrotise (safe; 1% risk of failure)
Press: ? - help, Shift-Dir - straight line, f - orc warrior
Aim: an orc warrior, wielding a +1 halberd of protection and wearing a +0 plate armour (chance to affect: 81%)
The orc warrior writhes in agony.
Casting: Necrotise (safe; 1% risk of failure)
Confirm with . or Enter, or press ? or * to list all spells.
Aiming: Necrotise (safe; 1% risk of failure)
Press: ? - help, Shift-Dir - straight line, f/p - orc warrior
Aim: an orc warrior, wielding a +1 halberd of protection and wearing a +0 plate armour (lightly wounded, chance to affect: 81%)
The orc warrior writhes in agony.
The orc warrior attacks as it pursues you!
The orc warrior hits you from afar with a +1 halberd of protection.
The orc warrior attacks as it pursues you!
The orc warrior hits you from afar with a +1 halberd of protection.
Casting: Necrotise (safe; 1% risk of failure)
Confirm with . or Enter, or press ? or * to list all spells.
Aiming: Necrotise (safe; 1% risk of failure)
Press: ? - help, Shift-Dir - straight line, f/p - orc warrior
Aim: an orc warrior, wielding a +1 halberd of protection and wearing a +0 plate armour (lightly wounded, chance to affect: 81%)
The orc warrior writhes in agony.
The orc warrior hits you from afar with a +1 halberd of protection!
You sense an unholy aura.
n - a +0 dagger of draining (weapon)
The orc warrior hits you from afar with a +1 halberd of protection!
The orc warrior hits you with a +1 halberd of protection!!
Ouch! That really hurt!
You die...
Kikubaaqudgha rasps: "You have failed me!
Welcome... death!"

#..........## #..###
#.#######..# #o## #.#
#..# ##.# ..# #..##
##..# #.#### ##...#
#..##
#....###....####o##
..##.##..#.......#
..##.##.####....o#
...#.##.##......@###
...#.##.##.####....##
...#....#..# #.....##
...###....##
####...###
...#.......# ###...#
.....#..##.# ##..##
....##.###.#######
#...<### ..###..#
#.......###+###..##
####..##
#######.#.....#...##


You could see an orc warrior and an orc.

Vanquished Creatures
  A hound (D:4)
  2 orc priests
  Natasha (thrice) (D:3)
  2 orc wizards (D:4)
  An adder (D:4)
  A dart slug (D:4)
  6 orcs
  7 bats
  5 endoplasms
  3 giant cockroaches
  3 hobgoblins
  7 jackals
  3 quokkas
  6 ball pythons
  2 frilled lizards (D:3)
  2 goblins
  5 kobolds
  7 rats
66 creatures vanquished.

Vanquished Creatures (collateral kills)
  Jessica (D:3)
  A ball python (D:1)
  A jackal (D:2)
  A bat (D:3)
  A rat (D:2)
5 creatures vanquished.

Grand Total: 71 creatures vanquished

Notes
Turn   | Place    | Note
-------+----------+-------------------------------------------
     0 | D:1      | mainiacjoe the Vine Stalker Necromancer began the quest for
                  | the Orb.
     0 | D:1      | Reached XP level 1. HP: 9/9 MP: 4/4
   348 | D:1      | Reached XP level 2. HP: 13/13 MP: 3/6
   487 | D:1      | You fall into a shaft and drop 1 floor!
   969 | D:2      | Reached XP level 3. HP: 16/16 MP: 1/7
  1284 | D:2      | Found Ynuihiy's Weapon Shop.
  1342 | D:2      | Learned a level 3 spell: Vampiric Draining
  1742 | D:3      | Noticed Natasha
  1752 | D:3      | Killed Natasha
  1753 | D:3      | Reached XP level 4. HP: 18/21 MP: 4/8
  2154 | D:3      | Found Gauled's Weapon Boutique.
  2247 | D:3      | Noticed Jessica
  2248 | D:3      | Noticed Natasha
  2251 | D:3      | Killed Natasha
  2252 | D:3      | Reached skill level 5 in Necromancy
  2261 | D:3      | Killed Jessica
  2262 | D:3      | Reached XP level 5. HP: 24/24 MP: 9/9
  2533 | D:3      | Noticed Natasha
  2537 | D:3      | Killed Natasha
  2633 | D:3      | Noticed Ijyb
  3006 | D:4      | Learned a level 4 spell: Animate Dead
  3063 | D:4      | Reached XP level 6. HP: 28/28 MP: 10/10
  3174 | D:4      | Identified the +1 robe of Henotheism {Stlth+}
  3278 | D:4      | Found a staircase to the Ecumenical Temple.
  3296 | Temple   | Entered the Ecumenical Temple
  3320 | Temple   | Became a worshipper of Kikubaaqudgha
  3469 | D:4      | Noticed an orc warrior
  3472 | D:4      | Reached skill level 6 in Necromancy
  3515 | D:4      | Slain by an orc warrior

Illustrated notes

Levels and vault maps discovered:
D:1:      minmay_arrival_wavy_path, layout_basic
D:2:      layout_basic, serial_shops, nicolae_shop_statue_plus
D:3:      layout_basic, serial_shops, shop, kennysheep_orc_chapel, uniq_ijyb,
          uniq_natasha, uniq_jessica
D:4:      layout_rooms, minmay_temple_entry_glassed_door,
          nicolae_nh_ransacked_shop
Temple:   jpeg_temple_clearing

Skill      XL: |  1  2  3  4  5  6 |
---------------+-------------------+-----
Stealth        | 3 4 |  4.7
Dodging        | 2 3 |  3.0
Necromancy     | 5 6 |  6.0
Spellcasting   | |  2.1

Action                     |  1- 3 |  4- 6 || total
---------------------------+-------+-------++-------
  Melee: Mace              |     1 |     1 ||     2
         Long sword        |       |     6 ||     6
         Bite              |       |     3 ||     3
   Cast: Necrotise         |    72 |    82 ||   154
    Use: Scroll            |     4 |     5 ||     9
   Stab: Sleeping          |       |     1 ||     1
 Armour: Robe              |    10 |    20 ||    30
  Dodge: Dodged            |    11 |    21 ||    32
